 Dungeon Crawl Stone Soup version 0.30-a0-799-g109b55a442 (webtiles) character file.

Game seed: 3396524797922431525

2286714 browni3141 the Impregnable (level 27, 227/227 HPs)
             Began as a Formicid Hedge Wizard on Feb 21, 2023.
             Was the Champion of Cheibriados.
             Escaped with the Orb
             ... and 4 runes!
             The game lasted 04:34:34 (75627 turns).

browni3141 the Impregnable (Formicid Hedge Wizard) Turns: 75627, Time: 04:34:35

Health: 227/227    AC: 31    Str: 33    XL:     27
Magic:  39/39      EV: 38    Int: 50    God:    Cheibriados [******]
Gold:   2837       SH: 25    Dex: 35    Spells: 1/50 levels left

rFire   + . .      SeeInvis +    b - +9 great sword (vamp)
rCold   + . .      Faith    .    m - +5 Storm Queen's Shield {shock, Fly rElec}
rNeg    + . .      Spirit   .    K - +3 chain mail "Heidil" {Will+ Regen+ Int+5}
rPois   +          Reflect  .    (helmet unavailable)
rElec   +          Harm     .    q - +2 cloak {Will+}
rCorr   +          Rampage  .    A - +2 pair of gloves {Stlth+}
Will    ++++.                    n - +1 pair of boots {Stlth+}
Stlth   ++                       s - amulet of magic regeneration
HPRegen 1.37/turn                j - ring "Bohaif" {rPois rC+ rCorr EV+5 Slay+4}
MPRegen 0.66/turn                I - ring of Roed {rPois rF+ rN+ Int+6}

@: flying, very slow
A: permanent stasis, dig shafts and tunnels, antennae 3, four strong arms, agile
2, strong 1, subdued magic 2
0: Orb of Zot
}: 4/15 runes: serpentine, barnacled, slimy, silver
a: Dig, Shaft Self, Renounce Religion, Bend Time, Temporal Distortion, Slouch,
Step From Time


You escaped.
You worshipped Cheibriados.
Cheibriados was exalted by your worship.
You visited 12 branches of the dungeon, and saw 56 of its levels.
You also visited: Wizlab and Desolation.

You collected 13915 gold pieces.
You spent 11078 gold pieces at shops.

Inventory:

Hand Weapons
 b - a +9 vampiric great sword (weapon)
Missiles
 L - 8 throwing nets
 U - 15 curare-tipped darts
Armour
 m - the +5 Storm Queen's Shield (worn) {shock, Fly rElec}
   (You bought it in a shop on level 3 of the Shoals)

   Shock:     When it blocks an attack, it may electrocute the attacker.
   This works even against foes who are a short distance away.
   rElec:     It insulates you from electricity.
   Fly:       It grants you flight.
 n - a +1 pair of boots of stealth (worn)
 q - a +2 cloak of willpower (worn)
 A - a +2 pair of gloves of stealth (worn)
 K - the +3 chain mail "Heidil" (worn) {Will+ Regen+ Int+5}
   (You found it on level 13 of the Dungeon)

   Int:       It affects your intelligence (+5).
   Regen:     It increases your rate of health regeneration.
   Will:      It increases your willpower.
Jewellery
 f - the ring "Nikhliqa" {*Slow Fly Int-2 Dex+6 Slay+6}
   (You found it on level 1 of the Depths)

   [ring of dexterity]

   Int:       It affects your intelligence (-2).
   Dex:       It affects your dexterity (+6).
   Slay:      It affects your accuracy & damage with ranged weapons and melee
   (+6).
   Fly:       It grants you flight.
   *Slow:     It may slow you when you take damage.
 h - the ring of the Gastropod {Ice rN+ Will+ SInv}
   (You took it off Josephina on level 1 of the Realm of Zot)

   [ring of ice]

   It enhances your ice magic.
   rF:        It makes you vulnerable to fire.
   rC:        It protects you from cold.
   rN:        It protects you from negative energy.
   SInv:      It lets you see invisible.
   Will:      It increases your willpower.
 j - the ring "Bohaif" (left hand) {rPois rC+ rCorr EV+5 Slay+4}
   (You found it in the Desolation of Salt)

   [ring of evasion]

   EV:        It affects your evasion (+5).
   Slay:      It affects your accuracy & damage with ranged weapons and melee
   (+4).
   rC:        It protects you from cold.
   rPois:     It protects you from poison.
   rCorr:     It protects you from acid and corrosion.
 s - an amulet of magic regeneration (around neck)
 w - the dreamshard necklace {*Dream Drain}
   (You took it off a frost giant on level 3 of the Depths)

   [amulet of nothing]

   *Dream:    It shatters if its wearer takes lethal or near-lethal damage,
   preventing the blow and releasing protective dreams that heal and fight for
   the wearer.
   Drain:     It drains your maximum health when unequipped.
 C - the ring of Jiethror {+Blink Dex+6}
   (You found it in the Desolation of Salt)

   [ring of dexterity]

   Dex:       It affects your dexterity (+6).
   +Blink:    It lets you blink.
 I - the ring of Roed (right hand) {rPois rF+ rN+ Int+6}
   (You found it on level 4 of the Shoals)

   [ring of intelligence]

   Int:       It affects your intelligence (+6).
   rF:        It protects you from fire.
   rPois:     It protects you from poison.
   rN:        It protects you from negative energy.
 N - a ring of wizardry
 P - a ring of fire
 Q - a ring of positive energy
 S - the ring "Danoin" {rC+ AC+4 Dex+2 Slay+2}
   (You found it on level 5 of the Lair of Beasts)

   [ring of protection]

   AC:        It affects your AC (+4).
   Dex:       It affects your dexterity (+2).
   Slay:      It affects your accuracy & damage with ranged weapons and melee
   (+2).
   rC:        It protects you from cold.
 Y - the ring "Vablaluo" {Will++ Int+6 Stlth+}
   (You bought it in a shop on level 1 of the Depths)

   [ring of intelligence]

   Int:       It affects your intelligence (+6).
   Will:      It greatly increases your willpower.
   Stlth:     It makes you more stealthy.
Wands
 o - a wand of light (19)
 H - a wand of charming (42)
 J - a wand of digging (8)
 Z - a wand of roots (28)
Scrolls
 d - 10 scrolls of immolation
 k - 11 scrolls of amnesia
 t - 2 scrolls of butterflies
 B - 14 scrolls of poison
 D - 12 scrolls of vulnerability
 E - 13 scrolls of fear
 F - 9 scrolls of magic mapping
 R - 3 scrolls of enchant armour
 T - 6 scrolls of fog
 W - 4 scrolls of torment
 X - 11 scrolls of silence
Potions
 c - 5 potions of magic
 e - 5 potions of heal wounds
 g - 4 potions of ambrosia
 i - 29 potions of curing
 l - 3 potions of cancellation
 p - 10 potions of might
 u - 2 potions of resistance
 v - 12 potions of flight
 x - 3 potions of lignification
 z - 12 potions of attraction
 O - 4 potions of invisibility
 V - 3 potions of brilliance
Miscellaneous
 a - a condenser vane
 r - a box of beasts
 y - a phial of floods
 G - a tin of tremorstones (2/2)
 M - a phantom mirror


   Skills:
 + Level 20.8 Fighting
 - Level 3.0(14.7) Short Blades
 - Level 21.9(22.0) Long Blades
 * Level 25.2 Armour
 * Level 21.0 Dodging
 - Level 15.0 Stealth
 - Level 20.0 Shields
 - Level 12.0 Spellcasting
 - Level 4.0 Conjurations
 - Level 10.0 Hexes
 - Level 8.0 Summonings
 - Level 8.0 Translocations
 - Level 8.0 Transmutations
 - Level 3.0 Air Magic
 - Level 18.0 Poison Magic
 - Level 16.0 Invocations
 - Level 10.0 Evocations


You had one spell level left.
You knew the following spells:

 Your Spells              Type           Power      Damage    Failure   Level
a - Vhi's Electric Charg  Tloc/Air       100%       N/A       1%          3
b - Slow                  Hex            100%       N/A       0%          1
c - Eringya's Noxious Bo  Tmut/Pois      39%        N/A       1%          6
d - Mephitic Cloud        Conj/Pois/Air  63%        N/A       1%          3
e - Tukima's Dance        Hex            69%        N/A       1%          3
f - Momentum Strike       Conj/Tloc      100%       3d10      1%          2
g - Inner Flame           Hex/Fire       50%        N/A       1%          3
h - Cause Fear            Hex            34%        N/A       1%          4
i - Lesser Beckoning      Tloc           100%       N/A       1%          2
j - Passage of Golubria   Tloc           62%        N/A       1%          4
k - Olgreb's Toxic Radia  Pois           92%        N/A       0%          4
l - Alistair's Intoxicat  Tmut/Pois      52%        N/A       1%          5
m - Irradiate             Conj/Tmut      27%        3d20      2%          5
n - Manifold Assault      Tloc           62%        N/A       1%          4

Your spell library contained the following spells:

 Spells                   Type           Power      Damage    Failure   Level
 Apportation              Tloc           100%       N/A       0%          1
 Beastly Appendage        Tmut           100%       N/A       0%          1
 Sting                    Tmut/Pois      100%       1d8       0%          1
 Summon Small Mammal      Summ           100%       N/A       0%          1
 Foxfire                  Conj/Fire      100%       2x1d9     1%          1
 Freeze                   Ice            72%        1d8       1%          1
 Magic Dart               Conj           100%       1d8       1%          1
 Necrotise                Necr           72%        1d7       1%          1
 Sandblast                Erth           36%        2d10      1%          1
 Shock                    Conj/Air       100%       1d9       1%          1
 Poisonous Vapours        Pois/Air       100%       N/A       0%          2
 Spider Form              Tmut/Pois      79%        N/A       0%          3
 Call Imp                 Summ           62%        N/A       1%          2
 Cigotuvi's Dreadful Rot  Necr/Pois/Air  100%       N/A       1%          2
 Ensorcelled Hibernation  Hex/Ice        100%       N/A       1%          2
 Passwall                 Tmut/Erth      35%        N/A       1%          2
 Scorch                   Fire           36%        2d7       1%          2
 Static Discharge         Conj/Air       80%        2-6/arc   1%          2
 Sublimation of Blood     Necr           18%        N/A       1%          2
 Wereblood                Tmut           62%        N/A       1%          2
 Dazzling Flash           Conj/Hex       100%       N/A       1%          3
 Hailstorm                Conj/Ice       31%        3d8       1%          3
 Ignite Poison            Fire/Tmut/Pois 64%        N/A       1%          3
 Kindle Blastsparks       Fire/Tloc/Air  82%        2d16      1%          3
 Portal Projectile        Hex/Tloc       100%       N/A       1%          3
 Stone Arrow              Conj/Erth      62%        3d10      1%          3
 Summon Guardian Golem    Hex/Summ       66%        N/A       1%          3
 Anguish                  Hex/Necr       25%        N/A       1%          4
 Animate Armour           Summ/Erth      86%        N/A       1%          4
 Iskenderun's Mystic Bla  Conj/Tloc      54%        2d12      1%          4
 Petrify                  Tmut/Erth      43%        N/A       1%          4
 Blade Hands              Tmut           31%        N/A       1%          5
 Silence                  Hex/Air        28%        N/A       1%          5
 Summon Forest            Summ/Tloc      31%        N/A       1%          5
 Summon Mana Viper        Hex/Summ       66%        N/A       1%          5
 Yara's Violent Unravell  Hex/Tmut       33%        3d14      1%          5
 Frozen Ramparts          Ice            36%        1d6       3%          3
 Flame Wave               Conj/Fire      31%        2d9       5%          4
 Sticky Flame             Conj/Fire      31%        2d5       5%          4
 Summon Cactus Giant      Summ           31%        N/A       7%          6
 Arcjolt                  Conj/Air       20%        1d30      8%          5
 Lightning Bolt           Conj/Air       20%        1d35      8%          5
 Animate Dead             Necr           18%        N/A       13%         4
 Fireball                 Conj/Fire      15%        3d8       16%         5
 Enfeeble                 Hex            34%        N/A       19%         7
 Agony                    Necr           18%        N/A       36%         5
 Borgnjor's Vile Clutch   Necr/Erth      9%         N/A       36%         5
 Malign Gateway           Summ/Tloc      31%        N/A       43%         7
 Summon Hydra             Summ           31%        N/A       43%         7
 Conjure Ball Lightning   Conj/Air       20%        3x3d6     47%         6
 Iron Shot                Conj/Erth      15%        9d4       69%         6
 Starburst                Conj/Fire      15%        6d6       69%         6
 Spellforged Servitor     Conj/Summ      27%        N/A       73%         7
 Storm Form               Tmut/Air       26%        N/A       80%         7
 Discord                  Hex            34%        N/A       86%         8
 Death Channel            Necr           9%         N/A       93%         6
 Haunt                    Necr/Summ      21%        N/A       95%         7
 Orb of Destruction       Conj           21%        9d8       95%         7
 Disjunction              Tloc           31%        N/A       99%         8
 Summon Horrible Things   Summ           31%        N/A       99%         8
 Ozocubu's Refrigeration  Ice            9%         4d9       100%        7
 Borgnjor's Revivificati  Necr           9%         N/A       100%        8
 Ignition                 Fire           9%         3d5       100%        8
 Infestation              Necr           9%         N/A       100%        8
 Lehudib's Crystal Spear  Conj/Erth      15%        10d5      100%        8
 Maxwell's Capacitive Co  Air            18%        ∞         100%        8
 Necromutation            Tmut/Necr      21%        N/A       100%        8
 Chain Lightning          Conj/Air       20%        3d26      100%        9
 Death's Door             Necr           9%         N/A       100%        9
 Fire Storm               Conj/Fire      15%        8d4       100%        9
 Shatter                  Erth           9%         3d11*     100%        9
 Blink                    Tloc           Unusable   N/A       N/A         2
 Swiftness                Air            Unusable   N/A       N/A         3

Dungeon Overview and Level Annotations

Branches:
Dungeon (15/15)            Temple (0/1) D:6            Lair (5/5) D:8
 Shoals (4/4) Lair:3        Snake (4/4) Lair:2        Slime (5/5) Lair:5
    Orc (2/2) D:10            Elf (3/3) Orc:2        Vaults (5/5) D:13
  Crypt (3/3) Vaults:3       Tomb (1/3) Crypt:3      Depths (4/4) D:15
    Zot (5/5) Depths:4     WizLab (visited)         Desolation (visited)

Altars:
Ashenzari
Cheibriados
Dithmenos
Elyvilon
Fedhas
Gozag
Kikubaaqudgha
Makhleb
Nemelex Xobeh
Qazlal
Ru
Sif Muna
Uskayaw
Vehumet
Wu Jian
Yredelemnul
Zin
The Shining One
Jiyva

Shops:
Orc:2 (:[*   Elf:3 (   Shoals:3 *?=?   Snake:2 ![[   Snake:3 *   Snake:4 (::=
Vaults:4 [[*   Vaults:5 ?   Depths:1 =   Depths:4 (

Portals:
Hell: Lair:5 Depths:1 Depths:2 Depths:3 Depths:4
Abyss: Depths:2 Depths:3 Depths:4
Pandemonium: Depths:2
Ziggurat: Depths:4

Annotations:
Depths:4 6 runed translucent doors
Abyss:1 Psyche


Innate Abilities, Weirdness & Mutations

You cannot be hasted, slowed, berserked, paralysed or teleported.
You can dig through walls and to a lower floor.
You have a pair of large antennae on your head. (SInv)
Your four strong arms can wield two-handed weapons with a shield.
You are very agile. (Dex +8, Str/Int -2)
Your muscles are strong. (Str +4, Int/Dex -1)
Your spells are easier to cast, but less powerful.


Message History

The goblin shoots a sling bullet.
You block the sling bullet.
You see here a +0 short sword.
The goblin shoots a sling bullet.
You block the sling bullet.
There is a stone staircase leading up here.
Space momentarily warps into an impossible shape!
You cut the goblin into ribbons!!!
You kill the goblin!
The goblin's corpse dissolves into shadows!
You miss the shadow demon. You cut the worm into ribbons!!!
You kill the worm!
The worm's corpse dissolves into shadows!
You miss the adder.
Space momentarily warps into an impossible shape!
You slash the shadow demon! You chop the adder into pieces!!!
You kill the adder!
The adder's corpse dissolves into shadows!
Space momentarily warps into an impossible shape!
You slice the shadow demon!!
Space momentarily warps into an impossible shape!
You hit the shadow demon. You slice the shadow demon!!
You kill the shadow demon!
Cheibriados thoroughly appreciates the change of pace.
Your Dodging skill increases to level 21!
No target in view!
No target in view!
You fly upwards.
There is a stone staircase leading down here.
(D) Dungeon (T) Temple (L) Lair (A) Shoals (P) Snake Pit (M) Slime Pits (O) Orcish Mines (E) Elven Halls (V) Vaults (C) Crypt (W) Tomb (U) Depths (H) Hell (Z) Zot
Where to? (Enter - D:1, ? - help) Magic restored.
There is a stone staircase leading up here.
You fly upwards.
There is a stone staircase leading down here.
There is an open door here.
There is a staircase leading out of the dungeon here.
You have escaped!

###
#............##
#########.#####.##
#P~P~.≈≈'.# #.##
#~~~.P..#.####♣.P♣
#≈.~≈~.≈#.....P...
#~....P≈##..##P...
#.#.~~.~##♣.♣#♣♣..
#.#..≈P.##♣.♣ ♣.P
#@#~≈≈PP+.♣.♣ ###
#########.♣.♣
#.♣.♣ #.♣.♣ #...#
#####


There were no monsters in sight!

Vanquished Creatures
  the Royal Jelly (Slime:5)
  4 dread liches
  4 ancient liches
  3 orbs of fire
  Mara (Vaults:2)
  Josephina (Zot:1)
  A royal mummy (Tomb:1)
  Sojobo (Depths:4)
  Saint Roka (Orc:2)
  9 Killer Klowns (Zot:5)
  2 curse toes
  Jory (Crypt:1)
  16 golden dragons
  Nikola (Vaults:1)
  3 bone dragons (Depths:4)
  5 electric golems
  16 tentacled monstrosities
  Jorgrun (Shoals:1)
  Zenata (Vaults:1)
  2 Hell Sentinels
  A walking earthen tome (Depths:3)
  3 titans (Vaults:5)
  25 Orb Guardians (Zot:5)
  7 liches
  3 deep elf blademasters
  11 quicksilver dragons
  2 deep elf master archers (Elf:3)
  A kraken (Shoals:3)
  Frances (Shoals:1)
  26 acid blobs
  3 ancient champions
  An Executioner (Zot:1)
  8 sphinxes
  8 death cobs
  9 tengu reavers
  14 shadow dragons
  Kirke (Lair:3)
  17 storm dragons
  Agnes (Snake:4)
  8 revenants
  12 draconian monks
  7 nagarajas
  13 rockslimes
  10 azure jellies
  11 deep elf sorcerers
  8 fire giants
  8 draconian knights
  4 iron dragons
  8 draconian scorchers
  12 frost giants
  21 vault wardens
  Aizul (Snake:4)
  3 angels
  5 deep elf elementalists
  5 ghost moths
  8 draconian shifters
  20 ghouls
  2 imperial myrmidons (Desolation)
  A balrug (Zot:5)
  3 curse skulls
  5 draconian stormcallers
  27 ironbound preservers
  An orc warlord (Vaults:4)
  2 spriggan defenders (Depths:3)
  10 quicksilver oozes
  7 ironbound thunderhulks
  35 very ugly things
  6 draconian annihilators
  12 stone giants
  A stone giant (shapeshifter) (Vaults:5)
  Azrael (D:13)
  4 war gargoyles (Vaults:5)
  3 deep elf annihilators
  13 green draconians
  A halazid warlock (Desolation)
  3 minotaurs (Shoals:4)
  22 red draconians
  19 black draconians
  9 deep elf demonologists
  5 dire elephants
  10 vampire knights
  16 yellow draconians
  19 white draconians
  14 purple draconians
  11 spark wasps
  2 crystal guardians (Desolation)
  12 eidola
  22 ettins
  2 merfolk impalers (Shoals:3)
  3 spectral quicksilver dragons (Crypt:3)
  6 deep elf death magi
  2 merfolk javelineers
  4 mummy priests (Tomb:1)
  A spectral golden dragon (Crypt:3)
  11 deep elf high priests
  6 jiangshi
  13 great orbs of eyes
  12 fire dragons
  3 rakshasas
  15 yaktaur captains
  Fannar (D:12)
  4 ragged hierophants (Desolation)
  8 hydras
  4 servants of whispers (Desolation)
  9 peacekeepers
  2 merfolk avatars
  36 vault guards
  A spriggan air mage (Depths:3)
  11 ice dragons
  A bennu zombie (Crypt:1)
  A hell beast (Zot:5)
  4 catoblepae
  2 ogre magi (D:15)
  An ironbound frostheart (Vaults:4)
  4 salamander tyrants
  5 boulder beetles
  2 spriggan skeletons
  4 merfolk aquamancers
  13 anacondas
  A two-headed ogre (shapeshifter) (D:13)
  15 naga warriors
  8 centaur warriors
  9 satyrs
  5 death knights
  8 tengu warriors
  11 death yaks
  28 death scarabs (Tomb:1)
  An orc high priest (Orc:2)
  A spectral naga (Crypt:3)
  6 two-headed ogres
  8 vampire magi
  8 deep troll shamans
  10 hell knights
  4 deep troll earth magi
  4 spriggan berserkers
  22 naga sharpshooters
  A spectral dire elephant (Crypt:3)
  6 soul eaters
  18 deep elf knights
  12 shock serpents
  A spectral storm dragon (Crypt:3)
  39 skeletal warriors
  8 skysharks
  An emperor scorpion zombie (Crypt:1)
  A spectral bunyip (Crypt:3)
  A death drake (shapeshifter) (Elf:2)
  5 sixfirhies
  An anaconda zombie (Crypt:3)
  2 spark wasp zombies
  A ghost moth zombie (Crypt:1)
  A shadow demon (D:3)
  8 sea snakes
  9 salamander mystics
  9 shadow wraiths
  57 deep trolls
  2 glowing orange brains
  3 iron trolls
  7 flayed ghosts
  A spriggan simulacrum (Crypt:1)
  11 deep elf archers
  A glowing orange brain (shapeshifter) (Vaults:5)
  23 ironbound convokers
  3 bog bodies
  4 naga ritualists (Snake:4)
  7 necromancers
  A steelbarb worm (shapeshifter) (Elf:3)
  6 lindwurms
  7 wizards
  An orange crystal statue (D:13)
  A golden dragon skeleton (Crypt:2)
  18 phantasmal warriors
  33 deep elf pyromancers
  22 deep elf zephyrmancers
  A salamander (shapeshifter) (Vaults:5)
  20 harpies
  31 salamanders
  11 orc knights
  7 mana vipers
  An iron dragon zombie (Crypt:1)
  5 shining eyes
  16 manticores
  7 cyclopes
  A frost giant skeleton (Crypt:2)
  38 fauns
  49 ugly things
  9 elephants (Lair:5)
  Maurice (Orc:1)
  11 merfolk sirens
  28 moths of wrath
  6 orc sorcerers
  Joseph (D:9)
  An elephant (shapeshifter) (Vaults:3)
  A water nymph (Shoals:4)
  27 naga magi
  2 spectral centaurs (Crypt:3)
  17 vault sentinels
  3 eyes of devastation
  19 guardian serpents
  8 cane toads
  A torpor snail (Lair:5)
  2 orange demons (Lair:5)
  A cane toad (shapeshifter) (Elf:2)
  2 smoke demons
  36 black mambas
  3 gargoyles
  3 molten gargoyles (Desolation)
  12 komodo dragons
  2 unseen horrors
  A purple draconian zombie (Crypt:3)
  2 rime drakes (Lair:5)
  A dire elephant skeleton (Crypt:1)
  A hellion (Depths:2)
  A tormentor (Zot:2)
  2 kobold demonologists (D:9)
  3 tengu conjurers
  39 yaktaurs
  A yellow draconian skeleton (Crypt:1)
  24 freezing wraiths
  An ice devil (Lair:5)
  A black draconian skeleton (Crypt:2)
  9 trolls
  7 guardian mummies (Tomb:1)
  2 spectral harpies (Crypt:3)
  A hornet (D:9)
  5 polar bears
  4 red devils
  2 polar bears (shapeshifter)
  20 merfolk
  A death drake zombie (Crypt:2)
  An ettin zombie (D:15)
  A shadow dragon simulacrum (Zot:1)
  43 saltlings (Desolation)
  A moth of wrath zombie (Crypt:3)
  3 raiju (Zot:3)
  19 dream sheep
  120 slime creatures
  A draconian simulacrum (Zot:1)
  Prince Ribbit (Lair:1)
  26 dancing weapons
  11 snapping turtles
  5 wind drakes
  28 blink frogs
  3 air elementals
  A fire dragon skeleton (Crypt:2)
  2 shadows (Crypt:3)
  A jumping spider (shapeshifter) (Vaults:5)
  4 centaur simulacra
  2 ettin skeletons
  A dire elephant simulacrum (Crypt:3)
  4 vampires
  24 yaks
  A black mamba skeleton (Crypt:1)
  6 wraiths
  6 hogs
  3 steam dragons
  29 water elementals
  5 wyverns
  3 ushabtiu (Tomb:1)
  A golden eye (shapeshifter) (D:13)
  7 fire elementals
  18 golden eyes
  A neqoxec (Depths:3)
  8 redbacks (Elf:3)
  17 vampire mosquitoes
  7 basilisks
  A white draconian simulacrum (Zot:1)
  2 harpy simulacra (Crypt:3)
  7 wargs
  A deep troll zombie (Crypt:2)
  60 nagas
  6 hell hounds
  7 two-headed ogre zombies (WizLab)
  An acid dragon (shapeshifter) (Elf:2)
  An acid dragon (D:12)
  A floating eye (shapeshifter) (Vaults:3)
  A floating eye (Depths:2)
  A large abomination (Depths:4)
  15 water moccasins
  A cane toad skeleton (Crypt:3)
  An ice beast (D:8)
  2 blink frog zombies
  A glowing shapeshifter skeleton (D:15)
  25 orc warriors
  8 black bears
  19 boggarts
  An ettin simulacrum (Crypt:1)
  14 ogres
  15 wolves
  2 centaurs (D:9)
  A snapping turtle skeleton (Crypt:1)
  A phantom (D:4)
  A draconian zombie (Crypt:3)
  2 kobold brigands (D:9)
  An elf zombie (Crypt:3)
  A vine stalker zombie (Crypt:2)
  5 bullfrogs
  6 necrophages
  A bullfrog (shapeshifter) (Vaults:4)
  A gnoll sergeant (D:10)
  4 scorpions
  2 earth elementals (Elf:2)
  14 wights
  A warg zombie (Crypt:1)
  10 killer bees
  7 troll zombies (WizLab)
  A queen bee zombie (Crypt:2)
  3 howler monkeys
  A troll skeleton (Crypt:1)
  6 electric eels
  A centaur zombie (Crypt:3)
  A human zombie (Crypt:2)
  A gnoll bouda (D:8)
  A hound (D:6)
  2 jellies
  A hound (shapeshifter) (Elf:2)
  16 orc priests
  An iguana (shapeshifter) (Elf:2)
  4 iguanas
  28 orc wizards
  5 lightning spires (Zot:3)
  6 ogre zombies (WizLab)
  A boggart simulacrum (D:15)
  14 mummies (Tomb:1)
  Robin (D:3)
  17 gnolls
  12 adders
  A shadow imp (D:8)
  A white imp (D:8)
  An ufetubus (D:5)
  4 worms
  4 dart slugs
  64 orcs
  An endoplasm (shapeshifter) (Elf:2)
  14 endoplasms
  7 giant cockroaches
  10 goblins
  9 hobgoblins
  2 jackals (D:4)
  10 kobolds
  2 quokkas
  3 training dummies (Snake:4)
  5 ball pythons
  8 bats
  2 frilled lizards (D:1)
  An orc skeleton (Crypt:1)
  A quokka skeleton (Crypt:3)
  6 rats
  A river rat skeleton (Crypt:2)
  3 tentacles (Shoals:3)
2809 creatures vanquished.

Vanquished Creatures (collateral kills)
  A tengu reaver (Depths:4)
  A two-headed ogre (D:5)
  2 naga sharpshooters
  Lodul (D:10)
  A naga mage (Snake:4)
  A yak (Lair:3)
  A naga (Snake:3)
  An ice beast (D:6)
  2 ogres
  Blork the orc (D:5)
  A necrophage (D:6)
  2 wights (D:7)
  A killer bee (D:8)
  An orc priest (D:10)
  2 hounds
  6 gnolls
  4 orcs
  3 goblins
32 creatures vanquished.

Vanquished Creatures (others)
  A Killer Klown (Zot:5)
  A tentacled monstrosity (Zot:5)
  A storm dragon (Zot:3)
  A draconian monk (Zot:3)
  A draconian shifter (Zot:1)
  A black draconian (Zot:3)
  A red draconian (Zot:3)
  A naga warrior (Snake:4)
  3 deep elf zephyrmancers
  A moth of wrath (Zot:1)
  A black mamba (Snake:4)
  A tengu conjurer (Depths:2)
  A blink frog (Lair:5)
  5 dancing weapons
  A yellow draconian simulacrum (Zot:1)
  A naga (Snake:2)
  A moth of wrath simulacrum (Zot:1)
  A swamp drake (shapeshifter) (Vaults:5)
  5 ball lightnings (Zot:3)
  39 fungi
  205 plants
  A tentacle (Shoals:3)
  23 withered plants
297 creatures vanquished.

Grand Total: 3138 creatures vanquished

Notes
Turn   | Place    | Note
-------+----------+-------------------------------------------
     0 | D:1      | browni3141 the Formicid Hedge Wizard began the quest for
                  | the Orb.
     0 | D:1      | Reached XP level 1. HP: 13/13 MP: 4/4
   143 | D:1      | Reached skill level 1 in Fighting
   143 | D:1      | Reached skill level 1 in Conjurations
   243 | D:1      | Reached skill level 1 in Translocations
   362 | D:1      | Reached XP level 2. HP: 21/21 MP: 0/6
   823 | D:1      | Reached XP level 3. HP: 26/26 MP: 5/7
  1678 | D:1      | Found a faded altar of an unknown god.
  2457 | D:2      | Learned a level 1 spell: Slow
  2460 | D:2      | Learned a level 2 spell: Call Imp
  2548 | D:2      | Reached XP level 4. HP: 32/32 MP: 8/8
  2614 | D:2      | Identified the +5 ring mail "Quluss" {*Corrode rN+ Dex+6}
  2681 | D:2      | Found a white marble altar of Elyvilon.
  2715 | D:2      | Reached skill level 1 in Hexes
  2974 | D:2      | Reached skill level 1 in Armour
  2974 | D:2      | Reached XP level 5. HP: 36/37 MP: 9/9
  3356 | D:3      | Noticed Robin
  3386 | D:3      | Killed Robin
  3387 | D:3      | Reached skill level 2 in Armour
  3720 | D:3      | Found a shadowy altar of Dithmenos.
  4225 | D:4      | Reached skill level 3 in Armour
  4225 | D:4      | Reached skill level 1 in Short Blades
  4225 | D:4      | Reached XP level 6. HP: 42/43 MP: 10/10
  4327 | D:4      | Found a broken altar of Ashenzari.
  4551 | D:4      | Reached XP level 7. HP: 48/48 MP: 11/11
  4637 | D:4      | Found a sacrificial altar of Ru.
  4917 | D:4      | Found a burning altar of Makhleb.
  5027 | D:5      | Entered Level 5 of the Dungeon
  5143 | D:5      | Noticed Blork the orc
  5156 | D:5      | Killed Blork the orc
  5161 | D:5      | Learned a level 3 spell: Mephitic Cloud
  5274 | D:5      | Reached skill level 1 in Poison Magic
  5334 | D:5      | Noticed a two-headed ogre
  5431 | D:5      | Identified the +4 quarterstaff of Pulajaal {speed, rC+}
  5644 | D:5      | Reached XP level 8. HP: 46/54 MP: 5/12
  5933 | D:5      | Found a snail-covered altar of Cheibriados.
  5941 | D:5      | Became a worshipper of Cheibriados the Contemplative
  6126 | D:6      | Reached skill level 5 in Poison Magic
  6224 | D:6      | Reached skill level 1 in Air Magic
  6490 | D:6      | Found a staircase to the Ecumenical Temple.
  6541 | D:6      | Reached * piety under Cheibriados
  7063 | D:7      | Reached XP level 9. HP: 49/59 MP: 13/13
  7149 | D:7      | Reached skill level 1 in Invocations
  7233 | D:7      | Found a hide-covered altar of Uskayaw.
  7376 | D:7      | Found a blossoming altar of Fedhas.
  7376 | D:7      | Found a radiant altar of Vehumet.
  7384 | D:7      | Found a glowing golden altar of the Shining One.
  7386 | D:7      | Found a white marble altar of Elyvilon.
  7388 | D:7      | Found a stormy altar of Qazlal.
  7680 | D:7      | Found a shimmering blue altar of Sif Muna.
  7917 | D:7      | You fall into a shaft and drop 2 floors!
  7922 | D:9      | Noticed a kobold demonologist
  7925 | D:9      | Noticed a kobold demonologist
  7934 | D:9      | Killed a kobold demonologist
  7945 | D:9      | Killed a kobold demonologist
  7946 | D:9      | Reached skill level 5 in Dodging
  7946 | D:9      | Reached skill level 5 in Invocations
  7950 | D:9      | Reached XP level 10. HP: 22/57 MP: 14/14
  8205 | D:9      | Noticed Joseph
  8231 | D:9      | Killed Joseph
  8434 | D:8      | Reached ** piety under Cheibriados
  8470 | D:8      | Found a staircase to the Lair.
  8578 | D:8      | Reached skill level 5 in Stealth
  8715 | D:8      | Noticed Psyche
  8726 | D:8      | Banished Psyche
  9297 | D:8      | Noticed a two-headed ogre
  9306 | D:8      | Killed a two-headed ogre
  9501 | D:8      | Learned a level 3 spell: Tukima's Dance
  9691 | D:5      | Killed a two-headed ogre
  9692 | D:5      | Reached XP level 11. HP: 44/77 MP: 3/17
  9935 | Lair:1   | Entered Level 1 of the Lair of Beasts
  9999 | Lair:1   | Reached skill level 1 in Shields
 10004 | Lair:1   | Reached *** piety under Cheibriados
 10015 | Lair:1   | Reached skill level 4 in Armour
 10032 | Lair:1   | Reached skill level 5 in Fighting
 10153 | Lair:1   | Noticed a boulder beetle
 10181 | Lair:1   | Killed a boulder beetle
 10334 | Lair:1   | Learned a level 2 spell: Momentum Strike
 10356 | Lair:1   | Reached skill level 1 in Evocations
 10839 | Lair:1   | Noticed Prince Ribbit
 10853 | Lair:1   | Reached skill level 5 in Armour
 10863 | Lair:1   | Killed Prince Ribbit
 11797 | Lair:2   | Reached **** piety under Cheibriados
 11815 | Lair:2   | Reached XP level 12. HP: 38/88 MP: 8/18
 11828 | Lair:2   | Reached skill level 5 in Shields
 12187 | Lair:2   | Reached skill level 1 in Long Blades
 12187 | Lair:2   | Reached skill level 6 in Armour
 12418 | Lair:2   | Found a staircase to the Snake Pit.
 12496 | Lair:2   | Learned a level 3 spell: Inner Flame
 12501 | Lair:2   | Learned a level 4 spell: Cause Fear
 12973 | Snake:1  | Entered Level 1 of the Snake Pit
 13042 | Lair:3   | You fall into a shaft and drop 1 floor!
 13115 | Lair:4   | Noticed a death yak
 13116 | Lair:4   | Noticed a death yak
 13126 | Lair:4   | Noticed a seven-headed hydra
 13232 | Lair:4   | Reached ***** piety under Cheibriados
 13556 | Lair:4   | Killed a seven-headed hydra
 13625 | Lair:4   | Noticed a death yak
 13755 | Lair:3   | Noticed a catoblepas
 13788 | Lair:3   | Killed a catoblepas
 13789 | Lair:3   | Reached skill level 5 in Spellcasting
 14012 | Lair:3   | Reached XP level 13. HP: 98/98 MP: 20/20
 14036 | Lair:3   | Noticed Kirke
 14051 | Lair:3   | Noticed a sphinx
 14056 | Lair:3   | Killed Kirke
 14080 | Lair:3   | Reached skill level 5 in Long Blades
 14407 | Lair:3   | Found a staircase to the Shoals.
 14418 | Lair:3   | Noticed an eight-headed hydra
 14434 | Lair:3   | Killed an eight-headed hydra
 15924 | Lair:5   | Entered Level 5 of the Lair of Beasts
 16128 | Lair:5   | Noticed a dire elephant
 16518 | D:9      | Found a sparkling altar of Nemelex Xobeh.
 16580 | D:9      | Reached XP level 14. HP: 84/105 MP: 20/23
 16768 | D:9      | Learned a level 2 spell: Lesser Beckoning
 16773 | D:9      | Learned a level 4 spell: Passage of Golubria
 16982 | D:10     | Entered Level 10 of the Dungeon
 17039 | D:9      | Reached skill level 10 in Dodging
 17146 | D:10     | Reached skill level 10 in Hexes
 17150 | D:10     | Noticed Lodul
 17165 | D:10     | Killed Lodul
 17308 | D:10     | Found a staircase to the Orcish Mines.
 17785 | Orc:1    | Entered Level 1 of the Orcish Mines
 17791 | Orc:1    | Noticed Maurice
 17801 | Orc:1    | Killed Maurice
 18114 | Orc:2    | Entered Level 2 of the Orcish Mines
 18114 | Orc:2    | Found a staircase to the Elven Halls.
 18330 | Orc:2    | Noticed Saint Roka
 18336 | Orc:2    | Reached ****** piety under Cheibriados
 18345 | Orc:2    | Killed Saint Roka
 18547 | Orc:2    | Reached skill level 5 in Translocations
 18794 | Orc:2    | Found Laplic's Antique Weapon Shoppe.
 18822 | Orc:2    | Found Emeupampuu's Book Shoppe.
 19161 | Orc:2    | Found Luipreo's Antique Armour Shoppe.
 19167 | Orc:2    | Bought a glowing cloak for 142 gold pieces
 19186 | Orc:2    | Found Ruibbaka's General Store.
 19193 | Orc:2    | Bought a scroll of enchant weapon for 112 gold pieces
 19193 | Orc:2    | Bought a potion of curing for 45 gold pieces
 19193 | Orc:2    | Bought a scroll of identify for 30 gold pieces
 19425 | Orc:2    | Bought Great Wizards, Vol. II for 494 gold pieces
 19425 | Orc:2    | Bought the Lectures on Sciomancy and Toxicants for 598 gold
                  | pieces
 19645 | D:11     | Found a huge runed translucent gate.
 19646 | D:11     | Found a huge runed translucent gate.
 19647 | D:11     | Found a huge runed translucent gate.
 19648 | D:11     | Found a huge runed translucent gate.
 20645 | D:12     | Noticed Fannar
 20654 | D:12     | Killed Fannar
 20655 | D:12     | Reached XP level 15. HP: 110/110 MP: 21/24
 20698 | D:12     | Reached skill level 10 in Invocations
 21409 | D:13     | Noticed Azrael
 21808 | D:14     | Identified the +5 ring mail of the Secret Gods {rF++ Str-4}
 22765 | D:15     | Entered Level 15 of the Dungeon
 23089 | D:15     | Reached skill level 10 in Poison Magic
 23160 | D:15     | Found a staircase to the Depths.
 23273 | D:15     | Learned a level 4 spell: Olgreb's Toxic Radiance
 23982 | D:15     | Reached XP level 16. HP: 117/117 MP: 27/27
 24292 | D:15     | Identified the +0 ring mail "Tap Pohi" {rPois Dex+2}
 24427 | D:15     | Found a staircase to the Depths.
 24628 | D:13     | Identified the +4 spear "Ludd" {flame, Fly rC+ Str-3 Dex+4}
 25003 | Orc:2    | Bought a glowing great sword for 313 gold pieces
 25678 | Snake:1  | Reached skill level 10 in Shields
 27168 | Shoals:1 | Entered Level 1 of the Shoals
 27248 | Shoals:1 | Reached skill level 1 in Transmutations
 27327 | Shoals:1 | Noticed Frances
 27347 | Shoals:1 | Reached XP level 17. HP: 116/122 MP: 29/29
 27499 | Shoals:1 | Reached skill level 15 in Poison Magic
 27735 | Shoals:1 | Noticed Jorgrun
 27743 | Shoals:1 | Killed Jorgrun
 27800 | Shoals:1 | Killed Frances
 28228 | Shoals:1 | Reached skill level 5 in Transmutations
 28594 | Shoals:2 | Learned a level 5 spell: Alistair's Intoxication
 28638 | Shoals:2 | Reached skill level 10 in Spellcasting
 29512 | Shoals:3 | Found Myojuox's Magic Scroll Boutique.
 30192 | Shoals:3 | Found Xoabrir's Magic Scroll Boutique.
 30499 | Shoals:3 | Bought a scroll of magic mapping for 112 gold pieces
 30499 | Shoals:3 | Bought a scroll of immolation for 60 gold pieces
 30499 | Shoals:3 | Bought a scroll of enchant weapon for 112 gold pieces
 30499 | Shoals:3 | Bought a scroll of identify for 30 gold pieces
 30499 | Shoals:3 | Bought a scroll of immolation for 60 gold pieces
 30499 | Shoals:3 | Bought a scroll of fog for 60 gold pieces
 30499 | Shoals:3 | Bought a scroll of identify for 30 gold pieces
 30499 | Shoals:3 | Bought a scroll of identify for 30 gold pieces
 30504 | Shoals:3 | Found Duse's Jewellery Shoppe.
 30547 | Shoals:3 | Identified a scroll of acquirement
 30564 | Shoals:3 | Reached XP level 18. HP: 131/131 MP: 21/32
 30718 | Shoals:3 | Noticed a kraken
 30726 | Shoals:3 | Killed a kraken
 30860 | Shoals:3 | Found Jepu's Assorted Antiques.
 30944 | Shoals:4 | Entered Level 4 of the Shoals
 31396 | Snake:2  | Found Qaic's Antique Armour Boutique.
 31398 | Snake:2  | Found Turupaipn's Antique Armour Shop.
 31406 | Snake:2  | Found Ohutathra's Distillery.
 31457 | Snake:2  | Bought a potion of heal wounds for 65 gold pieces
 31643 | Snake:2  | Found a white marble altar of Elyvilon.
 31950 | Snake:2  | Reached skill level 10 in Stealth
 32123 | Snake:2  | Acquired 766 gold pieces
 32271 | Shoals:3 | Bought the +5 Storm Queen's Shield {shock, Fly rElec} for
                  | 1413 gold pieces
 32271 | Shoals:3 | Found the +5 Storm Queen's Shield {shock, Fly rElec}
 32956 | Shoals:4 | Got a barnacled rune of Zot
 33072 | Shoals:4 | Identified the ring of Roed {rPois rF+ rN+ Int+6}
 33274 | Shoals:4 | Identified the +9 rapier of Mausasa {heavy, rF+}
 33318 | Shoals:4 | Reached skill level 10 in Fighting
 33607 | Shoals:4 | Learned a level 6 spell: Eringya's Noxious Bog
 33880 | Snake:3  | Reached XP level 19. HP: 140/140 MP: 34/34
 34468 | Snake:3  | Found Ymipak's Neck Hole.
 35191 | Snake:4  | Entered Level 4 of the Snake Pit
 35249 | Snake:4  | Noticed Agnes
 35254 | Snake:4  | Killed Agnes
 35855 | Snake:4  | Noticed Aizul
 35871 | Snake:4  | Killed Aizul
 36276 | Snake:4  | Reached XP level 20. HP: 151/151 MP: 35/35
 36570 | Snake:4  | Got a serpentine rune of Zot
 36608 | Snake:4  | Found Tunawi's Jewellery Shop.
 36609 | Snake:4  | Found Etum's Book Shoppe.
 36609 | Snake:4  | Found Moanenn's Book Shoppe.
 36715 | Snake:4  | Found Etick's Firing Range.
 37240 | Elf:1    | Entered Level 1 of the Elven Halls
 37357 | Elf:1    | Found a glowing silver altar of Zin.
 37357 | Elf:1    | Found a white marble altar of Elyvilon.
 37358 | Elf:1    | Found a glowing golden altar of the Shining One.
 37368 | Elf:1    | Found a crumbling gateway.
 37633 | Desolati | Entered the Desolation of Salt
 37949 | Desolati | Found the +2 hat of the Bear Spirit {Spirit, Bear, *Rage
                  | Will++}
 37951 | Desolati | Got the Tractate on the Molten Coward
 37952 | Desolati | Identified the +3 plate armour of the Eleven Seas {rElec
                  | Int+5 Dex-2}
 37954 | Desolati | Identified the +1 ring mail of Baldness {Drain Str+10 Int+6
                  | Dex-5}
 38048 | Desolati | Got Piomulam's Elucidation of Assaults
 38050 | Desolati | Identified the ring of Damevvog {rPois Will+ Int+4}
 38055 | Desolati | Identified the ring "Bohaif" {rPois rC+ rCorr EV+5 Slay+4}
 38371 | Desolati | Got the Incunable of Venin
 38372 | Desolati | Identified the +1 plate armour "Karra" {Fly rF+ Will- SInv}
 38373 | Desolati | Identified the ring of Jiethror {+Blink Dex+6}
 38374 | Desolati | Identified the ring of Xogrucw {Fly rElec MP+9 Str-2}
 38429 | Desolati | Reached skill level 15 in Shields
 38881 | Elf:1    | Reached skill level 7 in Armour
 38929 | Elf:1    | Reached skill level 15 in Stealth
 38981 | Elf:1    | Reached XP level 21. HP: 159/159 MP: 32/37
 39081 | Elf:1    | Reached skill level 8 in Armour
 39244 | Elf:1    | Identified the +5 morningstar "Ciuthala" {protect, rN+
                  | Int+2 Dex+2}
 39538 | Elf:2    | Reached skill level 9 in Armour
 39641 | Elf:2    | Reached skill level 10 in Armour
 39671 | Elf:2    | Found a runed translucent gate.
 39674 | Elf:2    | Found a runed translucent gate.
 39674 | Elf:2    | Found a runed translucent gate.
 40468 | Elf:2    | Reached skill level 5 in Evocations
 41126 | Elf:3    | Entered Level 3 of the Elven Halls
 41323 | Elf:3    | Found Vavuetas's Antique Weapon Boutique.
 41705 | Elf:3    | Reached skill level 11 in Armour
 41720 | Elf:3    | Gained mutation: Your spells are a little easier to cast,
                  | but a little less powerful. [a neqoxec]
 41910 | Elf:3    | Identified the +7 quarterstaff "Quoh" {freeze, Will+ MP+9
                  | Str+2 Dex-5}
 41914 | Elf:3    | Reached XP level 22. HP: 165/165 MP: 25/38
 41944 | Elf:3    | Identified the +7 trident "Zoemonwiu" {heavy, *Noise rC+
                  | Int+2 Dex+7}
 41951 | Elf:3    | Identified the amulet "Fadir" {Reflect rElec rF+++ SH+5}
 42108 | Elf:3    | Identified the ring "Veix Wicw" {rPois rN+ Will+ Str-3
                  | Slay+3}
 42168 | Elf:3    | Got Cigotuvi's Precepts of Altered Gloom
 42218 | Elf:3    | Found the brooch of Shielding {Spirit SH+8}
 42231 | Elf:3    | Got Buihyfol's Quarto of Anthracomancy
 42258 | Elf:3    | Identified the +3 hand axe of Evolution {antimagic, Will+}
 42690 | Depths:1 | Entered Level 1 of the Depths
 42691 | Depths:1 | Found a gateway to Hell.
 42736 | Depths:1 | Acquired a book of Alchemy
 42744 | Depths:1 | Learned a level 5 spell: Irradiate
 42753 | Depths:1 | Learned a level 3 spell: Vhi's Electric Charge
 42756 | Depths:1 | Found a broken altar of Ashenzari.
 42870 | Depths:1 | Found Miapacs's Jewellery Shop.
 42886 | Depths:1 | Bought the ring "Vablaluo" {Will++ Int+6 Stlth+} for 1255
                  | gold pieces
 43049 | Depths:1 | Identified the ring "Nikhliqa" {*Slow Fly Int-2 Dex+6
                  | Slay+6}
 43159 | Depths:1 | Reached skill level 12 in Armour
 44099 | Depths:2 | Found a one-way gate leading to the halls of Pandemonium.
 45204 | Depths:2 | Found a one-way gate to the infinite horrors of the Abyss.
 45207 | Depths:2 | Reached XP level 23. HP: 171/171 MP: 39/39
 45225 | Depths:2 | Reached skill level 13 in Armour
 45459 | Depths:3 | Reached skill level 5 in Summonings
 45465 | Depths:3 | Reached skill level 15 in Invocations
 45750 | Depths:4 | Entered Level 4 of the Depths
 45762 | Depths:4 | Gained mutation: Armour fits poorly on your strangely
                  | shaped body. [mutagenic glow]
 45990 | Depths:4 | Lost mutation: Armour fits poorly on your strangely shaped
                  | body. [potion of mutation]
 45990 | Depths:4 | Lost mutation: Your spells are a little easier to cast, but
                  | a little less powerful. [potion of mutation]
 45990 | Depths:4 | Gained mutation: You occasionally lose the ability to read
                  | scrolls when taking damage. [potion of mutation]
 45991 | Depths:4 | Lost mutation: You occasionally lose the ability to read
                  | scrolls when taking damage. [potion of mutation]
 45991 | Depths:4 | Gained mutation: You are clumsy. (Dex -2) [potion of
                  | mutation]
 45992 | Depths:4 | Lost mutation: You are clumsy. (Dex -2) [potion of
                  | mutation]
 45992 | Depths:4 | Gained mutation: Your flesh is heat resistant. (rF+)
                  | [potion of mutation]
 45992 | Depths:4 | Gained mutation: Your spells are a little easier to cast,
                  | but a little less powerful. [potion of mutation]
 45992 | Depths:4 | Gained mutation: Your system is resistant to poisons.
                  | (rPois) [potion of mutation]
 46144 | Depths:3 | Reached skill level 10 in Evocations
 46166 | Depths:3 | Identified the +5 arbalest "Beetlebane" {flame, rElec
                  | Str+5}
 46248 | Depths:3 | Identified the ring "Azeosm" {rF+ Will+ Str+3}
 46665 | Depths:3 | Identified the +10 flail "Bayttar" {venom, *Corrode rPois
                  | Will++ Str-2}
 46889 | Depths:3 | Got Sif Muna's Volume of the Caves and the Map
 46894 | Depths:3 | Got the Catalogue of the Last Bones
 46904 | Depths:3 | Identified the +2 spear "Ciuluxe" {heavy, rElec Will+
                  | Dex+4}
 47492 | Depths:4 | Noticed a dread lich
 47492 | Depths:4 | Noticed Sojobo
 47492 | Depths:4 | Found a one-way gateway to a ziggurat.
 47683 | Depths:4 | Noticed a golden dragon
 47697 | Depths:4 | Reached skill level 14 in Armour
 47817 | Depths:4 | Found Esmumm's Weapon Boutique.
 47841 | Depths:4 | Killed Sojobo
 48356 | Depths:4 | Reached XP level 24. HP: 163/182 MP: 37/39
 48556 | Depths:4 | Found an ornate altar of the Wu Jian Council.
 48822 | Depths:3 | Killed a dread lich
 49021 | D:13     | Identified the +3 chain mail "Heidil" {Will+ Regen+ Int+5}
 49308 | D:13     | Found a gate to the Vaults.
 49451 | D:13     | Killed Azrael
 49922 | D:13     | Found a gate to the Vaults.
 50415 | Lair:5   | Reached skill level 10 in Long Blades
 50416 | Lair:5   | Reached skill level 15 in Armour
 50567 | Lair:5   | Found a runed translucent door.
 50841 | Lair:5   | Found a viscous altar of Jiyva.
 50842 | Lair:5   | Found a staircase to the Slime Pits.
 50978 | Lair:5   | Found a burning altar of Makhleb.
 51007 | Lair:5   | Identified the ring "Danoin" {rC+ AC+4 Dex+2 Slay+2}
 51213 | Slime:1  | Entered Level 1 of the Pits of Slime
 51223 | Slime:1  | Gained mutation: Your spells are easier to cast, but less
                  | powerful. [a shining eye]
 51273 | Slime:1  | Gained mutation: You are dopey. (Int -2) [a shining eye]
 51276 | Slime:1  | Gained mutation: You do not regenerate when monsters are
                  | visible. [a shining eye]
 51354 | Slime:1  | Reached skill level 15 in Fighting
 52883 | Slime:5  | Entered Level 5 of the Pits of Slime
 52887 | Slime:5  | Gained mutation: Your muscles are strong. (Str +4, Int/Dex
                  | -1) [a shining eye]
 52956 | Slime:5  | Reached XP level 25. HP: 185/194 MP: 37/39
 53015 | Slime:5  | Noticed the Royal Jelly
 53148 | Slime:5  | Found a viscous altar of Jiyva.
 53496 | Slime:5  | Killed the Royal Jelly
 53760 | Slime:5  | Identified the +1 great sword of Orebutze {pain, rC- rN++
                  | Str+3 Dex+4}
 53782 | Slime:5  | Identified the ring "Deicrogidgh" {Int+3 Dex+6}
 53806 | Slime:5  | Got a slimy rune of Zot
 53807 | Slime:5  | Identified the ring "Ecire" {Fly rC- EV+5 Int+4 Slay+4}
 53829 | Slime:5  | Identified the +8 morningstar of Qoaner {freeze, Str+3
                  | Dex+2}
 53835 | Slime:5  | Identified the +1 pair of boots of the Tarantula {rPois
                  | rF+++ Slay-4 Stlth+}
 53862 | Slime:5  | Lost mutation: You do not regenerate when monsters are
                  | visible. [potion of mutation]
 53862 | Slime:5  | Lost mutation: Your spells are easier to cast, but less
                  | powerful. [potion of mutation]
 53862 | Slime:5  | Gained mutation: You are very dopey. (Int -4) [potion of
                  | mutation]
 53862 | Slime:5  | Gained mutation: Your muscles are very strong. (Str +8,
                  | Int/Dex -2) [potion of mutation]
 54340 | Depths:4 | Found a runed translucent door.
 54361 | Depths:4 | Found a runed translucent door.
 54441 | Depths:4 | Found a runed translucent door.
 54441 | Depths:4 | Found a runed translucent door.
 54472 | Depths:4 | Reached skill level 15 in Long Blades
 54503 | Depths:4 | Found a runed translucent door.
 54503 | Depths:4 | Found a runed translucent door.
 54554 | Depths:4 | Found a gate to the Realm of Zot.
 54679 | Zot:1    | Entered Level 1 of the Realm of Zot
 55497 | Zot:1    | Identified the ring of the Gastropod {Ice rN+ Will+ SInv}
 55497 | Zot:1    | Noticed Josephina
 55540 | Zot:1    | Reached XP level 26. HP: 74/189 MP: 31/39
 56177 | Zot:2    | Lost mutation: Your system is resistant to poisons. (rPois)
                  | [mutagenic glow]
 56193 | Zot:2    | Gained mutation: Your spells are easier to cast, but less
                  | powerful. [mutagenic glow]
 56320 | Zot:2    | Noticed a curse toe
 56376 | Zot:2    | Killed a curse toe
 56921 | Zot:2    | Acquired 841 gold pieces
 58094 | Zot:3    | Reached XP level 27. HP: 149/208 MP: 21/39
 58513 | Zot:4    | Noticed an orb of fire
 58705 | Zot:3    | Gained mutation: You have hidden genetic defects.
                  | [mutagenic glow]
 58714 | Zot:3    | Lost mutation: Your muscles are very strong. (Str +8,
                  | Int/Dex -2) [potion of mutation]
 58714 | Zot:3    | Lost mutation: Your muscles are strong. (Str +4, Int/Dex
                  | -1) [potion of mutation]
 58714 | Zot:3    | Gained mutation: You have terrible hidden genetic defects.
                  | [potion of mutation]
 58714 | Zot:3    | Gained mutation: You are agile. (Dex +4, Str/Int -1)
                  | [potion of mutation]
 58715 | Zot:3    | Lost mutation: You are very dopey. (Int -4) [potion of
                  | mutation]
 58715 | Zot:3    | Lost mutation: Your spells are easier to cast, but less
                  | powerful. [potion of mutation]
 58715 | Zot:3    | Gained mutation: You are partially covered in iridescent
                  | scales. (AC +2) [potion of mutation]
 58715 | Zot:3    | Gained mutation: You are very agile. (Dex +8, Str/Int -2)
                  | [potion of mutation]
 58715 | Zot:3    | Gained mutation: You are strong-willed. (Will+) [potion of
                  | mutation]
 58841 | Zot:4    | Reached skill level 16 in Armour
 58975 | Zot:4    | Killed an orb of fire
 59027 | Zot:4    | Gained mutation: You are frail. (-10% HP) [hidden defects]
 59124 | Zot:4    | Lost mutation: You are dopey. (Int -2) [potion of mutation]
 59124 | Zot:4    | Lost mutation: You are strong-willed. (Will+) [potion of
                  | mutation]
 59124 | Zot:4    | Lost mutation: Your flesh is heat resistant. (rF+) [potion
                  | of mutation]
 59124 | Zot:4    | Gained mutation: Your spells are easier to cast, but less
                  | powerful. [potion of mutation]
 59124 | Zot:4    | Gained mutation: You have large cloven feet. [potion of
                  | mutation]
 59125 | Zot:4    | Lost mutation: You have large cloven feet. [potion of
                  | mutation]
 59125 | Zot:4    | Lost mutation: You are frail. (-10% HP) [potion of
                  | mutation]
 59125 | Zot:4    | Lost mutation: You are partially covered in iridescent
                  | scales. (AC +2) [potion of mutation]
 59125 | Zot:4    | Gained mutation: You have large cloven feet. [potion of
                  | mutation]
 59479 | Zot:5    | Entered Level 5 of the Realm of Zot
 59890 | Zot:5    | Lost mutation: You are very agile. (Dex +8, Str/Int -2)
                  | [hidden defects]
 59890 | Zot:5    | Lost mutation: You have terrible hidden genetic defects.
                  | [hidden defects expressed]
 60077 | Zot:5    | Noticed a Killer Klown
 60085 | Zot:5    | Noticed an ancient lich
 60150 | Zot:5    | Noticed a Killer Klown
 60150 | Zot:5    | Noticed a dread lich
 60151 | Zot:5    | Noticed a Killer Klown
 60161 | Zot:5    | Killed a dread lich
 60162 | Zot:5    | Reached skill level 17 in Armour
 60162 | Zot:5    | Identified the +5 falchion of Grandeur {flame, Will+ Str+3
                  | Dex-5}
 60177 | Zot:5    | Noticed an orb of fire
 60181 | Zot:5    | Gained mutation: You are weak. (Str -2) [an orb of fire]
 60185 | Zot:5    | Killed an orb of fire
 60191 | Zot:5    | Gained mutation: You occasionally lose the ability to drink
                  | potions when taking damage. [mutagenic glow]
 60206 | Zot:5    | Gained mutation: You are vulnerable to cold. (rC-)
                  | [mutagenic glow]
 60220 | Zot:5    | Gained mutation: You occasionally shout uncontrollably at
                  | your foes. [mutagenic glow]
 60351 | Zot:5    | Killed a Killer Klown
 60571 | Zot:5    | Noticed a Killer Klown
 60572 | Zot:5    | Noticed a Killer Klown
 60589 | Zot:5    | Killed a Killer Klown
 60592 | Zot:5    | Killed a Killer Klown
 60594 | Zot:5    | Gained mutation: You do not regenerate when monsters are
                  | visible. [hidden defects]
 60613 | Zot:5    | Noticed a Killer Klown
 60649 | Zot:5    | Killed a Killer Klown
 61094 | Zot:5    | Noticed an orb of fire
 61111 | Zot:5    | Gained mutation: Your body sometimes deteriorates upon
                  | taking damage. [an orb of fire]
 61118 | Zot:5    | Gained mutation: Your magical capacity is low. (-10% MP)
                  | [an orb of fire]
 61120 | Zot:5    | Killed an orb of fire
 61130 | Zot:5    | Killed a Killer Klown
 61382 | Zot:5    | Noticed a Killer Klown
 61394 | Zot:5    | Killed a Killer Klown
 61949 | Zot:5    | Noticed a Killer Klown
 61958 | Zot:5    | Killed a Killer Klown
 61969 | Zot:5    | Killed a Killer Klown
 62000 | Zot:5    | Gained mutation: Your magical capacity is very low. (-20%
                  | MP) [hidden defects]
 62000 | Zot:5    | Lost mutation: You have hidden genetic defects. [hidden
                  | defects expressed]
 62003 | Zot:5    | Learned a level 4 spell: Manifold Assault
 62026 | Zot:5    | Noticed a Killer Klown
 62036 | Zot:5    | Killed a Killer Klown
 62274 | Zot:5    | Reached skill level 18 in Armour
 62331 | Zot:5    | Killed an ancient lich
 62359 | Zot:5    | Noticed a Killer Klown
 62371 | Zot:5    | Killed a Killer Klown
 63039 | Zot:5    | Lost mutation: You occasionally shout uncontrollably at
                  | your foes. [potion of mutation]
 63039 | Zot:5    | Lost mutation: Your body sometimes deteriorates upon taking
                  | damage. [potion of mutation]
 63039 | Zot:5    | Lost mutation: You are vulnerable to cold. (rC-) [potion of
                  | mutation]
 63040 | Zot:5    | Lost mutation: You have large cloven feet. [potion of
                  | mutation]
 63040 | Zot:5    | Lost mutation: Your magical capacity is very low. (-20% MP)
                  | [potion of mutation]
 63040 | Zot:5    | Lost mutation: You occasionally lose the ability to drink
                  | potions when taking damage. [potion of mutation]
 63040 | Zot:5    | Gained mutation: You are very agile. (Dex +8, Str/Int -2)
                  | [potion of mutation]
 63152 | Zot:1    | Killed Josephina
 63396 | Vaults:1 | Entered Level 1 of the Vaults
 63421 | Vaults:1 | Noticed Zenata
 63436 | Vaults:1 | Killed Zenata
 64038 | Vaults:1 | Reached skill level 15 in Dodging
 64097 | Vaults:1 | Noticed Nikola
 64108 | Vaults:1 | Killed Nikola
 64451 | Vaults:2 | Reached skill level 19 in Armour
 64607 | Vaults:2 | Found a magical portal.
 64614 | WizLab   | Entered Zonguldrok's Shrine
 64831 | WizLab   | Noticed an antique lich
 64841 | WizLab   | Killed an antique lich
 64866 | WizLab   | Found the +9 sword of Zonguldrok {reap}
 64874 | WizLab   | Acquired 565 gold pieces
 64887 | WizLab   | Lost mutation: Your magical capacity is low. (-10% MP)
                  | [potion of mutation]
 64887 | WizLab   | Lost mutation: You do not regenerate when monsters are
                  | visible. [potion of mutation]
 64887 | WizLab   | Lost mutation: You are weak. (Str -2) [potion of mutation]
 64887 | WizLab   | Gained mutation: Your muscles are strong. (Str +4, Int/Dex
                  | -1) [potion of mutation]
 65132 | Vaults:2 | Noticed Mara
 65138 | Vaults:2 | Noticed browni3141's illusion
 65145 | Vaults:2 | Killed Mara
 65703 | Vaults:2 | Reached skill level 20 in Armour
 66553 | Vaults:3 | You are sucked into a shaft and drop 1 floor!
 66799 | Vaults:5 | Entered Level 5 of the Vaults
 66848 | Vaults:5 | Reached skill level 21 in Armour
 66853 | Vaults:5 | Identified the +4 falchion of Jiase {vamp, Dex+2}
 67175 | Vaults:5 | Noticed a dread lich
 67187 | Vaults:5 | Killed a dread lich
 67235 | Vaults:5 | Reached skill level 22 in Armour
 67238 | Vaults:5 | Noticed a dread lich
 67253 | Vaults:5 | Killed a dread lich
 67412 | Vaults:5 | Noticed an ancient lich
 67425 | Vaults:5 | Killed an ancient lich
 67429 | Vaults:5 | Noticed an ancient lich
 67440 | Vaults:5 | Killed an ancient lich
 67492 | Vaults:5 | Identified the +4 sling of the Shoals {freeze, rC++ Int+2
                  | Stlth+}
 67507 | Vaults:5 | Found the +2 pair of slick slippers {slick, slippery, EV+5}
 67574 | Vaults:5 | Found Asisepra's Magic Scroll Shoppe.
 67579 | Vaults:5 | Bought a scroll of fog for 88 gold pieces
 67579 | Vaults:5 | Bought a scroll of fear for 88 gold pieces
 67579 | Vaults:5 | Bought a scroll of vulnerability for 88 gold pieces
 67579 | Vaults:5 | Bought a scroll of magic mapping for 165 gold pieces
 67579 | Vaults:5 | Bought a scroll of fog for 88 gold pieces
 67598 | Vaults:5 | Identified the +5 ring mail "Wuetry" {rN+ Stlth+}
 67692 | Vaults:5 | Found the +7 sceptre of Torment {pain, torment}
 67752 | Vaults:5 | Got a silver rune of Zot
 68111 | Vaults:4 | Found an opulent altar of Gozag.
 68111 | Vaults:4 | Found Gozag's Assorted Antiques.
 68111 | Vaults:4 | Found Gozag's Antique Armour Emporium.
 68111 | Vaults:4 | Found Gozag's Antique Armour Shoppe.
 68308 | Vaults:4 | Bought a scroll of magic mapping for 750 gold pieces
 68308 | Vaults:4 | Bought a potion of attraction for 300 gold pieces
 68308 | Vaults:4 | Bought a scroll of brand weapon for 950 gold pieces
 68308 | Vaults:4 | Bought a potion of magic for 800 gold pieces
 68316 | Vaults:4 | Bought a jewelled plate armour for 2800 gold pieces
 68316 | Vaults:4 | Identified the +2 plate armour of Kusaliq {+Blink Int+3}
                  | (You bought it in a shop on level 4 of the Vaults)
 69041 | Vaults:3 | Found a staircase to the Crypt.
 69041 | Vaults:3 | Found a basalt altar of Yredelemnul.
 69041 | Vaults:3 | Found an ancient bone altar of Kikubaaqudgha.
 69104 | Vaults:3 | Reached skill level 23 in Armour
 69426 | Vaults:3 | Identified the +5 battleaxe of Beogh's Hope {drain, SInv}
 69669 | Vaults:3 | Identified the +0 hand axe of Zuqen {heavy, rF- rN+++
                  | Will++}
 69844 | Crypt:1  | Entered Level 1 of the Crypt
 70078 | Crypt:1  | Noticed Jory
 70094 | Crypt:1  | Killed Jory
 71726 | Crypt:3  | Entered Level 3 of the Crypt
 71753 | Crypt:3  | Reached skill level 24 in Armour
 72262 | Crypt:3  | Got Siajaodgh's Thoughts on the Morgue
 72448 | Crypt:3  | Identified the +2 morningstar of the Spheres {pain, Contam
                  | Fly rN+++ Stlth-}
 72478 | Crypt:3  | Found a staircase to the Tomb.
 72938 | Crypt:3  | Identified the +11 broad axe of Blind Justice {drain, Dex+3
                  | Stlth+}
 73067 | Crypt:3  | Identified the ring "Coigh" {Wiz Str+4}
 73068 | Crypt:3  | Identified the +1 helmet "Qeisa Qacut" {Fly rF+ Will++}
 73167 | Tomb:1   | Entered Level 1 of the Tomb of the Ancients
 73761 | Tomb:1   | Reached skill level 25 in Armour
 73800 | Tomb:1   | Noticed a royal mummy
 73812 | Tomb:1   | Killed a royal mummy
 74992 | Zot:5    | Got the Orb of Zot
 75627 | D:$      | Escaped with the Orb!

Illustrated notes

Levels and vault maps discovered:
D:1:      lightli_arrival_flooded_house, layout_basic, serial_forest,
          infiniplex_forest_straight_2, infiniplex_forest_corner_1,
          infiniplex_forest_lined_3, infiniplex_forest_corner_1,
          infiniplex_forest_lined_corner, infiniplex_forest_straight_2,
          infiniplex_forest_corner_1, infiniplex_forest_corner_1,
          infiniplex_forest_clump_long, dilly_ecumenical_altar_fadedgnrine,
          wad_floor_pattern_1, minmay_hexomino_u4
D:2:      layout_basic, basic_altar
D:3:      layout_loops_ring, mainiacjoe_overflow_24_doors, kennysheep_potato,
          uniq_robin
D:4:      layout_basic, general_overflow_altar, marbit_many_paths,
          nicolae_overflow_crystal_walls, minmay_misc_feat_enclosed,
          hangedman_decor_opposing
D:5:      minmay_evil_eye, layout_loops_ring, chei_slow_surprise,
          minmay_misc_feat_doors, uniq_blork_the_orc
D:6:      layout_rooms, minmay_temple_entry_slanted, skrybe_limestone_x
D:7:      layout_gridville, old_standard_altar, tgw_sif,
          chequers_temple_overflow_minitemple, corner_web_ring,
          water_maze_lemuel
D:8:      layout_loops_cross, lair_entry_dummy, nicolae_figureground_pulse,
          uniq_psyche
D:9:      layout_basic, nemelex_xobeh_ov_fountains_minmay, uniq_joseph
D:10:     layout_gridville, erik_orc_4, uniq_lodul
D:11:     lemuel_bear_cage, layout_stronghold
D:12:     layout_long_grid, uniq_fannar
D:13:     layout_irregular_city, david_vaults_4, minmay_misc_feat_rows,
          minmay_protected_statue, uniq_azrael
D:14:     layout_irregular_city, serial_bayou, serial_bayou_shore_b,
          serial_bayou_ford_a, serial_bayou_pond_c, serial_bayou_lagoon_b,
          ebering_dispersal_statue_hall, minmay_misc_feat_encased
D:15:     gammafunk_depths_entry_grave, layout_loops_corners,
          minmay_hollow_rounded_squares
Lair:1:   layout_roguey, grunt_megastairs_1, uniq_prince_ribbit2
Lair:2:   layout_regular_city, minmay_snake_entry_guardpost_small
Lair:3:   layout_long_grid, elwin_shoals_entry_rocks, minivault_11,
          chequers_serial_rivers_large_a, beast_lair_carwin_2,
          serial_bayou_shore_b, serial_bayou_shore_a, uniq_kirke
Lair:4:   layout_gridlike, infiniplex_staircase_pool
Lair:5:   evil_forest, layout_regular_city, slime_entry_2
Shoals:1: layout_shoals, uniq_frances, uniq_jorgrun
Shoals:2: layout_shoals
Shoals:3: layout_shoals, serial_shops, shop, nicolae_shop_statue_plus,
          nicolae_take_the_stairs, nicolae_shop_stone
Shoals:4: shoals_end_hellmonk_lost_city
Snake:1:  layout_chambers, serial_shops, bzr_entry_gold,
          portal_ice_cave_entry_frozen_things, lemuel_fruit_tree
Snake:2:  hangedman_cross_stitches, layout_rooms, basic_altar,
          hangedman_snake_corridor_cut, grunt_megastairs_2, minmay_shop_star
Snake:3:  layout_basic, nicolae_shop_sticking_my_neck_out
Snake:4:  johnstein_snake_rune_scales, layout_cave_town,
          nicolae_shop_firing_range, grunt_megastairs_4, minmay_shop_grove,
          uniq_aizul, uniq_agnes
Slime:1:  layout_caves
Slime:2:  layout_caves, nicolae_slime_phagocytosis
Slime:3:  layout_caves
Slime:4:  layout_caves
Slime:5
Orc:1:    layout_caves, uniq_maurice
Orc:2:    grunt_orc_cross, layout_diamond_mine
Elf:1:    eino_elf_arrival_sip, layout_loops_corners,
          portal_desolation_entry_holy_temple, minivault_28, minivault_4,
          grunt_ministairs_3
Elf:2:    elven_hall_of_blades_hangedman_original [mumra_blade_entry_bloodbath],
          layout_gridlike, nicolae_elf_shapeshifter_party
Elf:3:    minmay_elf_hall_not_hex, layout_gridlike, serial_shops, shop,
          drop_trap
Vaults:1: ontoclasm_vaults_misaligned, ontoclasm_vaults_pinch, v_misc_12,
          hangedman_vaults_corner_blocks, nicolae_vaults_triangles,
          ontoclasm_vaults_tryst, vaults_mumra_hexcomb, hangedman_vaults_stream,
          vaults_dpeg_ring, ontoclasm_vaults_eye, vaults_dpeg_emergency_exit,
          layout_vaults_omnibox, uniq_zenata, uniq_nikola
Vaults:2: infiniplex_enter_wizlab_spiral, hangedman_vaults_capsules,
          nicolae_vaults_diagonal_hallway_8, nicolae_vaults_rhombus_6,
          nicolae_vaults_angled_halls, ontoclasm_vaults_spin,
          hangedman_vaults_slice, nicolae_vaults_little_squares_1,
          nicolae_vaults_windows_and_doors_thing, layout_vaults_omnigrid,
          uniq_mara
Vaults:3: v_misc_23, minmay_crypt_entry_necro_gods, ontoclasm_vaults_ring_small,
          vaults_room_semicircle, nicolae_vaults_border_crossing,
          st_quartered_hall, v_misc_9, v_misc_3, ontoclasm_vaults_chip,
          nicolae_vaults_little_squares_6, nicolae_vaults_back_hallway,
          v_pattern_3, vaults_mumra_chevron, ontoclasm_vaults_misaligned,
          v_alt_pattern_1, v_misc_13, hangedman_vaults_variations,
          layout_vaults_maze_bifur
Vaults:4: v_misc_11, kennysheep_vaults_gozag_temple,
          nicolae_vaults_yaktaur_gun_rack, ontoclasm_vaults_ring_small,
          v_alt_pattern_3, v_misc_27, vaults_standard_mumra_enter_the_diamond,
          nicolae_vaults_little_squares_4, v_misc_16, v_misc_10, v_misc_28,
          vaults_dpeg_cross, layout_vaults_ring
Vaults:5
Crypt:1:  layout_misc_corridors, uniq_jory
Crypt:2:  layout_regular_city
Crypt:3:  due_elkab, layout_chaotic_city, tomb_entry_forgotten_bobbens
Tomb:1
Depths:1: four-leaf_vault, layout_cave_shapes, serial_shops, shop_statue,
          chequers_serial_rivers_micro_e, hell_entry,
          amcnicky_mini_rare_corridor_liquid, nicolae_ashenzari_skybound,
          serial_bayou_shore_b
Depths:2: kennysheep_room_grid, layout_gridlike, hellmouth_1, abyss_entry,
          kennysheep_nub, rand_demon_pan_entry_5, infiniplex_staircase_zigzag_3
Depths:3: cheibrodos_leafed_vault, layout_cave_shapes, grunt_metal_band,
          nicolae_benzene_ring, abyss_entry, infiniplex_staircase_zigzag_5
Depths:4: evilmike_zot_entry_castle, layout_cave_pools, enter_ziggurat_c,
          nicolae_wu_jian_immortal_techniques, serial_shops, shop_coins,
          abyss_entry, hangedman_tar_grid_catacomb, minmay_misc_feat_pillars,
          uniq_sojobo
Zot:1:    layout_basic, uniq_josephina
Zot:2:    layout_concentric_octagons, st_stairs_1, bh_zot_lava_cross
Zot:3:    infiniplex_zot_generator, layout_misc_corridors, st_stairs_8
Zot:4:    layout_misc_corridors, st_small_dragon_hoard_2
Zot:5:    layout_basic

Skill      XL: |  1  2  3  4  5  6  7  8  9 10 11 12 13 14 15 16 17 18 19 20 21 22 23 24 25 26 27 |
---------------+----------------------------------------------------------------------------------+-----
Fighting       | 1 4 6 8 10 11 12 13 15 20 | 20.8
Conjurations   | 1 2 3 4 |  4.0
Translocations | 1 2 5 7 8 |  8.0
Dodging        | 2 5 6 7 8 9 10 11 12 21 | 21.0
Stealth        | 3 8 9 10 12 15 | 15.0
Hexes          | 1 3 4 6 7 9 10 | 10.0
Armour         | 1 3 5 6 7 11 12 14 15 25 | 25.2
Short Blades   | 1 3 |  3.0
Summonings     | 3 4 7 8 |  8.0
Poison Magic   | 3 6 8 10 14 15 16 17 18 | 18.0
Air Magic      | 2 3 |  3.0
Invocations    | 5 6 9 11 12 13 14 15 16 | 16.0
Spellcasting   | 4 5 6 7 8 10 11 12 | 12.0
Shields        | 4 5 8 10 12 13 15 16 17 19 20 | 20.0
Evocations     | 3 4 7 9 10 | 10.0
Long Blades    | 4 7 9 12 17 20 21 | 21.9
Transmutations | 2 8 |  8.0

Action                     |  1- 3 |  4- 6 |  7- 9 | 10-12 | 13-15 | 16-18 | 19-21 | 22-24 | 25-27 || total
---------------------------+-------+-------+-------+-------+-------+-------+-------+-------+-------++-------
  Melee: Dagger            |     6 |    20 |    75 |   301 |    13 |       |       |       |       ||   415
         Short sword       |    15 |    66 |    79 |   123 |    14 |       |       |       |       ||   297
         Punch             |       |     2 |     3 |     4 |       |       |       |       |       ||     9
         Quarterstaff      |       |       |    27 |       |       |       |       |       |       ||    27
         Unarmed           |       |       |       |     4 |       |       |       |       |       ||     4
         Staff             |       |       |       |    13 |       |       |       |       |       ||    13
         Great sword       |       |       |       |    99 |   733 |   889 |   752 |   856 |  3840 ||  7169
   Fire: Shortbow          |       |       |       |    47 |    81 |       |       |       |       ||   128
  Throw: Dart              |       |       |       |    30 |    16 |       |       |       |       ||    46
   Cast: Magic Dart        |   109 |    65 |    76 |    35 |       |       |       |       |       ||   285
         Call Imp          |       |     9 |    38 |    28 |     3 |       |       |       |       ||    78
         Slow              |       |     8 |     5 |     1 |     6 |       |       |       |       ||    20
         Mephitic Cloud    |       |       |     3 |    21 |    15 |     8 |     2 |     6 |     6 ||    61
         Tukima's Dance    |       |       |       |     6 |    21 |       |     8 |       |       ||    35
         Momentum Strike   |       |       |       |    17 |     5 |       |       |       |       ||    22
         Cause Fear        |       |       |       |       |    27 |    34 |     1 |     2 |     9 ||    73
         Lesser Beckoning  |       |       |       |       |    12 |    64 |    54 |    16 |    39 ||   185
         Inner Flame       |       |       |       |       |     4 |     2 |     6 |     3 |     2 ||    17
         Olgreb's Toxic Ra |       |       |       |       |       |    97 |       |    18 |    23 ||   138
         Passage of Golubr |       |       |       |       |       |     8 |       |       |     9 ||    17
         Alistair's Intoxi |       |       |       |       |       |    33 |    13 |    16 |    35 ||    97
         Eringya's Noxious |       |       |       |       |       |     5 |    90 |    81 |    48 ||   224
         Irradiate         |       |       |       |       |       |       |       |    22 |    34 ||    56
         Vhi's Electric Ch |       |       |       |       |       |       |       |     2 |     8 ||    10
         Manifold Assault  |       |       |       |       |       |       |       |       |   171 ||   171
 Invoke: Bend Time         |       |       |       |     5 |     3 |       |       |       |       ||     8
         Slouch            |       |       |       |       |     7 |     3 |     9 |    13 |    21 ||    53
         Step From Time    |       |       |       |       |     1 |     1 |       |     2 |     8 ||    12
Ability: Shaft Self        |       |       |     1 |       |       |       |       |       |       ||     1
         Dig               |       |       |       |       |       |       |       |       |     1 ||     1
  Evoke: Wand              |       |       |     9 |     3 |    15 |     5 |       |     2 |    12 ||    46
         Tin of tremorston |       |       |       |       |     5 |     4 |       |       |     7 ||    16
         Phial of floods   |       |       |       |       |     1 |       |       |       |     1 ||     2
         Phantom mirror    |       |       |       |       |       |     1 |     1 |     1 |     1 ||     4
         Condenser vane    |       |       |       |       |       |       |       |       |     4 ||     4
         Box of beasts     |       |       |       |       |       |       |       |       |     1 ||     1
    Use: Scroll            |       |     5 |     8 |     9 |     9 |    11 |     2 |     7 |    14 ||    65
         Potion            |       |       |     3 |     2 |     6 |     2 |     1 |     6 |    27 ||    47
   Stab: Sleeping          |       |     6 |     6 |     9 |    22 |    18 |    26 |    11 |    24 ||   122
         Confused          |       |       |     4 |    15 |    10 |     9 |     2 |    12 |    32 ||    84
         Distracted        |       |       |     3 |     3 |     2 |     3 |     4 |     3 |    13 ||    31
         Invisible         |       |       |     4 |       |     3 |       |       |       |    17 ||    24
         Betrayed ally     |       |       |     2 |       |       |       |       |       |       ||     2
         Fleeing           |       |       |       |       |     4 |       |       |       |       ||     4
 Armour: Robe              |     5 |       |       |       |       |       |       |       |       ||     5
         Leather armour    |     1 |     3 |       |       |       |       |       |       |       ||     4
         Ring mail         |       |    29 |    83 |   166 |   199 |   186 |   142 |   157 |       ||   962
         Chain mail        |       |       |       |       |       |       |       |   104 |   738 ||   842
         Skin              |       |       |       |       |       |       |       |       |     1 ||     1
  Dodge: Dodged            |    21 |    44 |   100 |   426 |   866 |   879 |   581 |   778 |  2107 ||  5802
  Block: Buckler           |       |       |       |   138 |   276 |       |       |       |       ||   414
         Kite shield       |       |       |       |       |   383 |  1319 |  1003 |  1277 |  3555 ||  7537

Table legend: (Time is in decaauts)
 A = Elapsed time spent in this place.
 B = Non-inter-level travel time spent in this place.
 C = Inter-level travel time spent in this place.
 D = Time resting spent in this place.
 E = Time spent auto-exploring this place.
 F = Levels seen in this place.
 G = Mean time per level.
                   A        B        C        D        E       F      G
               +--------+--------+--------+--------+--------+-----+--------+
         Total | 114279 | 102084 |  12195 |   8514 |  66944 |  58 | 1970.3 |
       Dungeon |  26835 |  22459 |   4376 |   1123 |  16027 |  15 | 1789.0 |
          Lair |  11615 |   9945 |   1670 |   1094 |   6868 |   5 | 2323.0 |
        Shoals |   8478 |   7737 |    741 |   1151 |   4156 |   4 | 2119.5 |
     Snake Pit |   9982 |   9328 |    654 |   1465 |   5588 |   4 | 2495.5 |
    Slime Pits |   4491 |   4330 |    161 |    325 |   2904 |   5 |  898.2 |
  Orcish Mines |   3112 |   2559 |    553 |    309 |   1680 |   2 | 1556.0 |
   Elven Halls |   6679 |   6212 |    467 |    635 |   3915 |   3 | 2226.3 |
        Vaults |  10272 |   9709 |    563 |      0 |   7417 |   5 | 2054.4 |
         Crypt |   5518 |   5001 |    517 |     75 |   3657 |   3 | 1839.3 |
          Tomb |   1848 |   1804 |     44 |    327 |    790 |   1 | 1848.0 |
        Depths |  10601 |   9344 |   1257 |   1042 |   5931 |   4 | 2650.2 |
           Zot |  12838 |  11649 |   1189 |    883 |   7102 |   5 | 2567.6 |
        Wizlab |    552 |    552 |      0 |      0 |    162 |   1 |  552.0 |
    Desolation |   1454 |   1454 |      0 |     83 |    744 |   1 | 1454.0 |
               +--------+--------+--------+--------+--------+-----+--------+

Top non-repeatable levels by time:
   Zot:5: 5576 daAuts
Depths:4: 3318 daAuts
    D:15: 3154 daAuts
  Lair:4: 3044 daAuts
 Snake:1: 3040 daAuts
    D:13: 3033 daAuts
Depths:3: 2827 daAuts
 Snake:4: 2677 daAuts
    D:14: 2537 daAuts
Vaults:2: 2468 daAuts
Depths:2: 2393 daAuts
 Crypt:3: 2369 daAuts
 Snake:3: 2362 daAuts
Shoals:1: 2350 daAuts
   Elf:2: 2333 daAuts
